 Dungeon Crawl Stone Soup version 0.20-a0-1020-g7b9e4fe (webtiles) character file.

38 Monsterracer the Chopper (level 3, 0/31 HPs)
             Began as a Minotaur Berserker on Apr 18, 2017.
             Was a Believer of Trog.
             Succumbed to an adder's poison
             ... on level 2 of the Dungeon.
             The game lasted 00:01:26 (847 turns).

Monsterracer the Chopper (Minotaur Berserker)        Turns: 847, Time: 00:01:27

Health: 0/31       AC:  3    Str: 22    XL:     3   Next: 25%
Magic:  2/2        EV: 15    Int:  8    God:    Trog [**....]
Gold:   27         SH:  0    Dex:  9    Spells: 2/2 levels left

rFire    . . .     SeeInvis .   a - +0 hand axe
rCold    . . .     Gourm    .   (no shield)
rNeg     . . .     Faith    .   b - +0 animal skin
rPois    .         Spirit   .   (helmet restricted)
rElec    .         Reflect  .   (no cloak)
rCorr    .         Harm     .   k - +0 pair of gloves
MR       .....                  (no boots)
Stlth    +.........             (no amulet)
Regen    0.1/turn               d - +4 ring of intelligence (curse)
MPRegen  0.1/turn               e - +3 ring of evasion

@: lethally poisoned (0 -> -3)
A: retaliatory headbutt, horns 2
a: Berserk, Trog's Hand, Burn Spellbooks, Renounce Religion


You were on level 2 of the Dungeon.
You worshipped Trog.
Trog was pleased with you.
You were not hungry.

You visited 1 branch of the dungeon, and saw 2 of its levels.

You collected 27 gold pieces.

Inventory:

Hand Weapons
 a - a +0 hand axe (weapon)
Armour
 b - a +0 animal skin (worn)
 k - a +0 pair of gloves (worn)
Jewellery
 d - a cursed +4 ring of intelligence (left hand)
 e - a +3 ring of evasion (right hand)
Scrolls
 f - 2 scrolls of identify {unknown}
 h - a scroll of noise {unknown}
 i - a scroll of remove curse {unknown}
 j - 2 scrolls of teleportation {unknown}
 l - a scroll of enchant weapon {unknown}
Comestibles
 c - a bread ration
 g - a meat ration


   Skills:
 - Level 3.6 Fighting
 + Level 5.3 Axes
 - Level 2.4 Armour
 - Level 2.1 Dodging


You had 2 spell levels left.
You didn't know any spells.

Dungeon Overview and Level Annotations

Branches:
Dungeon (2/15)

Altars:
Gozag


Innate Abilities, Weirdness & Mutations

You reflexively headbutt those who attack you in melee.
You have a pair of horns on your head.


Message History

You feel sick.
* * * LOW HITPOINT WARNING * * *
You feel sick.
* * * LOW HITPOINT WARNING * * *
You feel sick.
* * * LOW HITPOINT WARNING * * *
You feel sick.
* * * LOW HITPOINT WARNING * * *
You feel sick.
* * * LOW HITPOINT WARNING * * *
You feel sick.
* * * LOW HITPOINT WARNING * * *
You feel sick.
* * * LOW HITPOINT WARNING * * *
You feel sick.
* * * LOW HITPOINT WARNING * * *
You feel sick.
* * * LOW HITPOINT WARNING * * *
You feel sick.
You die...

... ## ##.# #.
..####### #. #.>.....#
#.#####.......#
#......<......#
#...........%.#
#........@...[#
#...#.........#
#...#....<....#
#...#(...######
#.########
#.......##############
#######...............
#######..##### ###
#..#


There were no monsters in sight!

Vanquished Creatures
  An adder (D:2)
  A worm (D:2)
  A giant cockroach (D:1)
  3 hobgoblins (D:1)
  2 quokkas (D:2)
  A bat (D:1)
  15 frilled lizards
  2 goblins
  3 kobolds
  3 rats (D:1)
32 creatures vanquished.

Notes
Turn   | Place    | Note
-------+----------+-------------------------------------------
     0 | D:1      | Monsterracer the Minotaur Berserker began the quest for the Orb.
     0 | D:1      | Reached XP level 1. HP: 19/19 MP: 0/0
   153 | D:1      | Reached skill level 4 in Axes
   198 | D:1      | Reached XP level 2. HP: 23/26 MP: 1/1
   342 | D:1      | Reached ** piety under Trog
   544 | D:2      | Found a faded altar of an unknown god.
   723 | D:2      | Reached skill level 5 in Axes
   724 | D:2      | Found an opulent altar of Gozag.
   777 | D:2      | Reached XP level 3. HP: 31/31 MP: 2/2
   843 | D:2      | HP: 1/31 [poisoned by an adder]
   847 | D:2      | Succumbed to an adder's poison

Vault maps used:
D:1:      minmay_arrival_semitransparent, minmay_lizard_pond
D:2:      cheibrodos_greedy_goblins, chequers_ecumenical_altar_simple,
          nicolae_gozag_cash_rules_everything_around_me

Skill      XL: |  1  2 |
---------------+-------+-----
Axes           | 4 5 |  5.3
Fighting       | |  3.6
Armour         | |  2.4
Dodging        | |  2.1

Action                   || total
-------------------------++-------
Melee: Hand axe          ||    62
       Headbutt          ||     4
Invok: Berserk           ||     1
  Use: Potion            ||     2
  Eat: Chunk             ||     1
Armor: Animal skin       ||     8
Dodge: Dodged            ||    49
